[Event "Titled Tuesday Blitz February 15 Late 2022"]
[White "Xiong, Jeffery"]
[Black "Lin, Dachey"]
[WhiteFideId "2047640"]
[BlackFideId "2029650"]
[WhiteElo "2727"]
[BlackElo "2776"]
[Result "1/2-1/2"]
[Round "09"]
[TimeControl "180+1"]
[Date "2022.02.15"]
[WhiteClock "0:00:29"]
[BlackClock "0:00:38"]

1. d4 g6 2. Nf3 Bg7 3. e4 c6 4. c4 d5 5. cxd5 cxd5 6. e5 Nc6 7. Bb5 Qb6 8. Nc3 e6 9. Bxc6+ Qxc6 10. O-O Ne7 11. h4 h5 12. Bg5 Nf5 13. Rc1 Qb6 14. Na4 Qb5 15. Rc7 O-O 16. Bf6 b6 17. Bxg7 Kxg7 18. Re1 Ba6 19. b3 Rfc8 20. Qc1 Qe8 21. Qc2 Qe7 22. Rxe7 Rxc2 23. Rd7 Bb5 24. Rb7 Ba6 25. Rd7 Bb5 26. Rb7 Ba6 27. Rd7 1/2-1/2


[Site "https://www.chess.com"]

[Event "Titled Tuesday Blitz February 15 Late 2022"]
[White "Yedidia, Daniel"]
[Black "Mikhailov, Viacheslav"]
[WhiteFideId "30905907"]
[BlackFideId "4187369"]
[WhiteElo "2496"]
[BlackElo "2679"]
[Result "0-1"]
[Round "09"]
[TimeControl "180+1"]
[Date "2022.02.16"]
[WhiteClock "0:00:32"]
[BlackClock "0:01:30"]

1. d4 Nf6 2. c4 g6 3. Nc3 Bg7 4. e4 O-O 5. Nf3 d6 6. Be2 Bg4 7. Be3 Nc6 8. d5 Bxf3 9. Bxf3 Ne5 10. Be2 c6 11. f4 Ned7 12. O-O cxd5 13. cxd5 a6 14. Rc1 Rc8 15. Bf3 Qa5 16. Qd2 b5 17. a3 h5 18. Qf2 Ng4 19. Bxg4 hxg4 20. Bd4 Bxd4 21. Qxd4 Qb6 22. Qxb6 Nxb6 23. b3 Rc5 24. Ne2 Rfc8 25. Rxc5 Rxc5 26. Rc1 Rxc1+ 27. Nxc1 f5 28. Kf2 fxe4 29. Ke3 Nxd5+ 30. Kxe4 e6 31. Nd3 Kf7 32. Nf2 Nf6+ 33. Kd4 Ke7 34. Nd3 Kd7 35. Nb4 a5 36. Nd3 Kc6 37. Nf2 Nd5 38. g3 Nf6 39. Nd3 Nd7 40. b4 axb4 41. Nxb4+ Kb6 42. Nd3 Ka5 43. Kc3 Ka4 44. Kb2 Nb6 45. Nf2 Nc4+ 46. Kc3 Nxa3 47. Nxg4 b4+ 48. Kb2 Nc4+ 49. Kb1 b3 50. Nf2 Ka3 51. Nd3 e5 52. fxe5 dxe5 53. Kc1 e4 54. Nc5 b2+ 55. Kc2 Ka2 56. Nxe4 b1=Q+ 57. Kc3 Qxe4 0-1


[Site "https://www.chess.com"]

[Event "Titled Tuesday Blitz February 15 Late 2022"]
[White "Yoo, Christopher Woojin"]
[Black "Dreev, Aleksey"]
[WhiteFideId "30909694"]
[BlackFideId "4100107"]
[WhiteElo "2105"]
[BlackElo "2636"]
[Result "0-1"]
[Round "09"]
[TimeControl "180+1"]
[Date "2022.02.15"]
[WhiteClock "0:00:00"]
[BlackClock "0:00:19"]

1. e4 c5 2. Nf3 d6 3. d4 cxd4 4. Nxd4 Nf6 5. Nc3 Nc6 6. Bg5 Bd7 7. Qd2 Rc8 8. O-O-O Nxd4 9. Qxd4 Qa5 10. f4 e6 11. e5 dxe5 12. fxe5 Bc6 13. Bb5 Nd5 14. Nxd5 Bxb5 15. Nc3 Bc6 16. Rhf1 h6 17. Be3 Be7 18. Qg4 Qxe5 19. Bf4 h5 20. Qg3 h4 21. Qf2 Bg5 22. Bxg5 Qxg5+ 23. Kb1 O-O 24. g3 h3 25. Qxa7 Rcd8 26. Qf2 Rxd1+ 27. Rxd1 e5 28. Qc5 Re8 29. b4 Bf3 30. Rf1 Bg2 31. Rd1 Qg4 32. Kb2 e4 33. Re1 Qe6 34. Nd5 Qe5+ 35. c3 Kh7 36. Qd4 Qxd4 37. cxd4 Rd8 38. Nf4 Rxd4 39. Kc3 Rd6 40. b5 g5 41. Nxg2 hxg2 42. Rg1 Rd3+ 43. Kc2 Ra3 44. Kb2 Ra5 45. Rxg2 Rxb5+ 46. Kc3 f5 47. Kd4 Kg6 48. g4 Rb4+ 49. Kc3 Ra4 50. gxf5+ Kxf5 51. Rb2 Kf4 52. Rxb7 Rxa2 53. Rf7+ Ke3 54. Rg7 Rxh2 55. Rxg5 Ke2 56. Kd4 e3 57. Ra5 Rh4+ 58. Kc3 Kf3 59. Rf5+ Rf4 60. Re5 Kf2 61. Kd3 Rf3 62. Re8 Rg3 63. Re7 Rh3 64. Re8 Rf3 65. Re7 Rf6 66. Re8 Rd6+ 67. Kc3 e2 0-1


[Site "https://www.chess.com"]

[Event "Titled Tuesday Blitz February 15 Late 2022"]
[White "Yushko, Olga"]
[Black "Tasev, Dejan"]
[WhiteFideId "14114500"]
[BlackFideId "936618"]
[WhiteElo "2028"]
[BlackElo "2253"]
[Result "0-1"]
[Round "09"]
[TimeControl "180+1"]
[Date "2022.02.16"]
[WhiteClock "0:00:02"]
[BlackClock "0:00:13"]

1. d4 Nf6 2. c4 e6 3. Nc3 d5 4. cxd5 exd5 5. Nf3 c6 6. Bg5 Be7 7. e3 Nbd7 8. Bd3 O-O 9. O-O Re8 10. Rc1 Nf8 11. a3 g6 12. b4 b5 13. Nb1 Bb7 14. Nbd2 a5 15. Ne5 Qb6 16. Nb3 axb4 17. axb4 N6d7 18. Nxd7 Nxd7 19. Bxe7 Rxe7 20. Nc5 Nxc5 21. dxc5 Qc7 22. Qg4 Qe5 23. h3 Bc8 24. Qf3 Rea7 25. Rfd1 Ra2 26. Bf1 Bf5 27. Rd4 Be4 28. Qg4 Bf5 29. Qf3 Rb2 30. Rcd1 Raa2 31. Bd3 Be6 32. Rf1 Ra4 33. Rd1 Rbxb4 34. Rxb4 Rxb4 35. Be2 Ra4 36. Bd3 Ra1 37. Rxa1 Qxa1+ 38. Kh2 Qe5+ 39. g3 b4 40. Qd1 Qc3 41. Bc2 Qxc5 42. Bb3 Qc3 43. Ba4 c5 44. Qe2 c4 45. Qf3 Kg7 46. Qf4 Qf6 47. Qc7 Qxf2+ 48. Kh1 Qxe3 49. Qb8 Qe4+ 50. Kh2 b3 51. Be8 Qe2+ 52. Kh1 d4 53. Qd6 Qf3+ 54. Kh2 Bd5 55. Qe5+ Kg8 56. Bxf7+ Kxf7 57. Qc7+ Kf6 58. Qd8+ Ke5 59. Qe8+ Kf5 60. Qf8+ Ke4 61. Qe7+ Kd3 62. Qe1 Qg2# 0-1


[Site "https://www.chess.com"]

[Event "Titled Tuesday Blitz February 15 Late 2022"]
[White "Zhurbinsky, David"]
[Black "Sailer, Mike"]
[WhiteFideId "2072904"]
[BlackFideId "2012901"]
[WhiteElo "2534"]
[BlackElo "2109"]
[Result "1-0"]
[Round "09"]
[TimeControl "180+1"]
[Date "2022.02.16"]
[WhiteClock "0:00:03"]
[BlackClock "0:00:01"]

1. e4 d5 2. exd5 Qxd5 3. Nf3 Bg4 4. Be2 Nc6 5. Nc3 Qd7 6. h3 Bh5 7. d4 e6 8. Be3 Nf6 9. Qd2 Bb4 10. a3 Ne4 11. Qd3 Bxc3+ 12. bxc3 Bg6 13. Qc4 O-O 14. O-O Na5 15. Qb4 b6 16. Ne5 Qd6 17. Nxg6 hxg6 18. Bf3 f5 19. Bxe4 fxe4 20. Qb5 Rf5 21. Qe2 Qd5 22. Qg4 Kh7 23. Rfe1 Raf8 24. Qh4+ Kg8 25. Qg3 Nc4 26. Qxg6 Nxe3 27. Rxe3 Rxf2 28. Rg3 R8f7 29. Re1 Qf5 30. Rxe4 Rf1+ 31. Kh2 Qf2 32. Rg5 Qg1+ 33. Kg3 R1f3+ 34. Kh4 R7f4+ 35. Rxf4 Rxf4+ 36. Kh5 Qd1+ 37. g4 Rf7 38. Qxe6 1-0


[Site "https://www.chess.com"]

[Event "Titled Tuesday Blitz February 15 Late 2022"]
[White "Adewumi, Tanitoluwa"]
[Black "Sarkar, Justin"]
[WhiteFideId "30966396"]
[BlackFideId "2010011"]
[WhiteElo "2521"]
[BlackElo "2038"]
[Result "1-0"]
[Round "10"]
[TimeControl "180+1"]
[Date "2022.02.16"]
[WhiteClock "0:00:07"]
[BlackClock "0:00:02"]

1. e4 c5 2. Nf3 Nc6 3. Bb5 a6 4. Bxc6 dxc6 5. d3 Qc7 6. O-O e5 7. h3 Ne7 8. Be3 Ng6 9. a4 a5 10. Nc3 f6 11. Ne2 h5 12. Ng3 h4 13. Nf5 Bxf5 14. exf5 Ne7 15. Bxc5 Nxf5 16. Bxf8 Kxf8 17. Qe2 Rd8 18. c3 Kf7 19. Rfe1 g6 20. Rad1 Rd5 21. Qe4 Nd6 22. Qg4 Nf5 23. Rd2 Qd7 24. c4 Rxd3 25. Rxd3 Qxd3 26. Rxe5 Qb1+ 27. Re1 Qxb2 28. Qe4 Kg7 29. Qe6 Rf8 30. Re4 Rf7 31. Nxh4 Nxh4 32. Rxh4 Qa1+ 33. Kh2 Qe5+ 34. Qxe5 fxe5 35. Kg3 Rd7 36. Re4 Kf6 37. Kf3 Rd3+ 38. Re3 Rd4 39. Re4 Rd1 40. g4 Ra1 41. c5 Rc1 42. h4 Rc3+ 43. Kg2 Rxc5 44. f3 Rc2+ 45. Kg3 b5 46. axb5 cxb5 47. f4 exf4+ 48. Rxf4+ Kg7 49. Re4 Rc3+ 50. Kf2 a4 51. Re7+ Kf6 52. Rb7 Rb3 53. Rb6+ Ke5 54. Rxg6 a3 55. h5 a2 56. Ra6 Rb2+ 57. Kg3 b4 58. h6 Rb3+ 59. Kh4 Ra3 60. Rxa3 bxa3 61. h7 1-0


[Site "https://www.chess.com"]

[Event "Titled Tuesday Blitz February 15 Late 2022"]
[White "Al Mukhaini, Shima"]
[Black "Kozin, Yuri"]
[WhiteFideId "22005854"]
[BlackFideId "4129920"]
[WhiteElo "2396"]
[BlackElo "2516"]
[Result "1-0"]
[Round "10"]
[TimeControl "180+1"]
[Date "2022.02.16"]
[WhiteClock "0:01:14"]
[BlackClock "0:01:03"]

1. b3 Nf6 2. Bb2 e6 3. e3 Be7 4. f4 b6 5. Qf3 d5 6. g4 O-O 7. g5 Ne4 8. d3 Nd6 9. h4 c5 10. Nd2 Bb7 11. Bg2 Nc6 12. Ne2 Nb4 13. Kd1 d4 14. e4 Nf5 15. Nf1 a5 16. a3 Na6 17. Qh3 Nd6 18. h5 e5 19. fxe5 Nb5 20. g6 Bc8 21. gxh7+ Kxh7 22. Qh2 Bg5 23. Nd2 Be6 24. Nf3 Be3 25. Bh3 Nac7 26. Ng3 Bf4 27. Qg2 Nc3+ 28. Bxc3 dxc3 29. Nf5 Nb5 30. Qxg7# 1-0


[Site "https://www.chess.com"]

[Event "Titled Tuesday Blitz February 15 Late 2022"]
[White "Andreikin, Dmitry"]
[Black "Rustemov, Alexander"]
[WhiteFideId "4158814"]
[BlackFideId "4119002"]
[WhiteElo "2736"]
[BlackElo "2779"]
[Result "1-0"]
[Round "10"]
[TimeControl "180+1"]
[Date "2022.02.15"]
[WhiteClock "0:01:18"]
[BlackClock "0:00:01"]

1. e4 e6 2. e5 d6 3. Nf3 dxe5 4. Nxe5 Nd7 5. Bb5 Bd6 6. Qh5 g6 7. Qe2 c6 8. Nxd7 Bxd7 9. Bc4 Nf6 10. d4 Nd5 11. Nd2 b5 12. Bd3 O-O 13. Ne4 Be7 14. h4 Nb4 15. Bh6 Re8 16. h5 g5 17. O-O-O f5 18. Nc5 Bxc5 19. dxc5 Qf6 20. Bxb5 Rad8 21. Rd6 Qxh6 22. Rhd1 cxb5 23. Rxd7 Rxd7 24. Rxd7 Nd5 25. Rxd5 g4+ 26. Kb1 1-0


[Site "https://www.chess.com"]

[Event "Titled Tuesday Blitz February 15 Late 2022"]
[White "Antonio, Jorge Carlos"]
[Black "Howell, David W L"]
[WhiteFideId "113190"]
[BlackFideId "410608"]
[WhiteElo "2247"]
[BlackElo "2559"]
[Result "0-1"]
[Round "10"]
[TimeControl "180+1"]
[Date "2022.02.16"]
[WhiteClock "0:02:08"]
[BlackClock "0:02:16"]

1. d4 Nf6 2. c4 c5 3. e3 cxd4 4. exd4 d5 5. Nf3 g6 6. c5 Bg7 7. Nc3 O-O 8. Bd3 Bg4 9. h3 Bxf3 10. Qxf3 Nc6 11. Be3 e5 12. dxe5 Nxe5 13. Qe2 d4 14. Bf4 Nxd3+ 15. Qxd3 dxc3 16. Qxc3 Re8+ 17. Be3 Nd5 18. Qd3 Nxe3 0-1


[Site "https://www.chess.com"]

[Event "Titled Tuesday Blitz February 15 Late 2022"]
[White "Aradhya, Garg"]
[Black "Demchenko, Anton"]
[WhiteFideId "25006746"]
[BlackFideId "4160258"]
[WhiteElo "2169"]
[BlackElo "2539"]
[Result "0-1"]
[Round "10"]
[TimeControl "180+1"]
[Date "2022.02.15"]
[WhiteClock "0:00:21"]
[BlackClock "0:00:23"]

1. d4 Nf6 2. c4 d6 3. Nc3 e5 4. Nf3 Nbd7 5. g3 g6 6. Bg2 Bg7 7. O-O O-O 8. e4 exd4 9. Nxd4 Nc5 10. h3 Re8 11. Re1 a5 12. Bf4 Bd7 13. Nb3 Ne6 14. Be3 a4 15. Nd4 c6 16. Qc2 Ng4 17. hxg4 Nxd4 18. Qd1 c5 19. Nd5 Bc6 20. Rc1 Bxd5 21. exd5 a3 22. b3 Qd7 23. Bf1 Re4 24. f3 Re7 25. Bxd4 Bxd4+ 26. Kg2 Rxe1 27. Qxe1 Re8 28. Qd1 Qe7 29. Rc2 Qe3 30. Kh3 Qe1 31. Qxe1 Rxe1 32. Kg2 Ra1 33. f4 Bb2 34. Re2 Rxa2 35. Re8+ Kg7 36. Ra8 Bd4+ 37. Kh3 Rf2 38. Rxa3 Rxf1 39. Ra7 Rb1 40. Rxb7 h5 41. f5 gxf5 42. gxh5 Rb2 43. h6+ Kxh6 44. Rxf7 Rxb3 45. Rxf5 Be5 46. Kg2 Rxg3+ 47. Kf2 Rc3 48. Rf8 Rxc4 49. Ke3 Kg6 50. Rf1 Rd4 51. Rg1+ Kf7 52. Rf1+ Ke7 53. Ra1 Rxd5 54. Ra7+ Ke6 55. Ra8 Rd4 56. Re8+ Kd5 57. Ra8 Re4+ 58. Kd3 Rh4 59. Ra5 Rh3+ 60. Ke2 Bd4 61. Ra3 Rxa3 62. Kf1 Ke4 63. Kg2 Rb3 64. Kh2 Be5+ 65. Kg2 c4 66. Kf2 Rb5 67. Ke2 d5 68. Kd2 d4 69. Kc2 Bd6 70. Kd2 Rh5 71. Kc2 Kd5 72. Kc1 c3 73. Kc2 Rg5 74. Kb3 Rg7 75. Kc2 Kc4 76. Kc1 Rb7 77. Kd1 d3 78. Ke1 Bf8 79. Kf2 c2 80. Ke3 c1=Q+ 81. Ke4 d2 82. Kf5 d1=Q 83. Kg6 Ba3 84. Kf5 Bb4 85. Ke6 Rb8 86. Ke5 Qcd2 87. Ke4 Q1e2+ 88. Kf5 Qde1 89. Kf4 Q1f2+ 90. Kg5 Ra8 91. Kg6 Qef3 92. Kg5 Q3g3+ 93. Kh6 Ra4 94. Kh7 Ra3 95. Kh6 Kb5 96. Kh5 Be1 97. Kh6 Ka4 98. Kh7 Kb3 99. Kh6 Kc2 100. Kh7 Kd1 101. Kh6 Ke2 102. Kh5 Kf1 103. Kh6 Kg2 104. Kh7 Kh1 105. Kh8 Ra2 106. Kh7 Qfg2 107. Kh6 Rb2 108. Kh5 Rb3 109. Kh6 Rc3 110. Kh7 Rf3 111. Kh6 Rf2 112. Kh7 Rf4 113. Kh8 Rh4# 0-1


[Site "https://www.chess.com"]

[Event "Titled Tuesday Blitz February 15 Late 2022"]
[White "Araujo Filho, Luiz Antonio Coel"]
[Black "KND2020"]
[WhiteFideId "2130661"]
[WhiteElo "2219"]
[BlackElo "2464"]
[Result "0-1"]
[Round "10"]
[TimeControl "180+1"]
[Date "2022.02.16"]
[WhiteClock "0:00:18"]
[BlackClock "0:01:50"]

1. d4 Nf6 2. Nf3 c5 3. e3 Qc7 4. Be2 g6 5. O-O Bg7 6. b3 O-O 7. Bb2 b6 8. Nbd2 Bb7 9. c4 d6 10. Qc2 Nbd7 11. d5 e5 12. dxe6 fxe6 13. Rad1 Rae8 14. Rfe1 e5 15. Ng5 e4 16. Nf1 Ne5 17. Ng3 h6 18. Nh3 g5 19. Qd2 Rd8 20. Nf5 Bc8 21. Nxg7 Kxg7 22. Bxe5 dxe5 23. Qc3 g4 24. Rxd8 Rxd8 25. Nf4 exf4 26. exf4 Qxf4 27. g3 Qd2 0-1


[Site "https://www.chess.com"]

[Event "Titled Tuesday Blitz February 15 Late 2022"]
[White "Bellissimo, Joseph F."]
[Black "Gatterer, Florian"]
[WhiteFideId "2609843"]
[BlackFideId "811688"]
[WhiteElo "2560"]
[BlackElo "2364"]
[Result "1-0"]
[Round "10"]
[TimeControl "180+1"]
[Date "2022.02.16"]
[WhiteClock "0:01:35"]
[BlackClock "0:00:02"]

1. e4 e5 2. Nf3 Nc6 3. Bc4 Bc5 4. c3 Nf6 5. d3 d6 6. Bb3 a5 7. h3 h6 8. Nbd2 O-O 9. Nf1 Be6 10. Bc2 d5 11. Qe2 a4 12. Ng3 a3 13. b3 d4 14. cxd4 Nxd4 15. Nxd4 Bxd4 16. Rb1 c5 17. O-O b5 18. Kh1 Nh7 19. f4 Qh4 20. Nf5 Bxf5 21. exf5 Rfe8 22. Qf3 Qf6 23. b4 c4 24. dxc4 bxc4 25. b5 exf4 26. Bxf4 Be5 27. b6 Bxf4 28. b7 Rab8 29. Qxf4 Qe5 30. Qxc4 Nf6 31. Ba4 Re7 32. Qc8+ Kh7 33. Rfe1 Rexb7 34. Qxb7 Qxe1+ 35. Rxe1 Rxb7 36. Bb3 Rd7 37. Re5 h5 38. Ra5 h4 39. Ra4 1-0


[Site "https://www.chess.com"]

[Event "Titled Tuesday Blitz February 15 Late 2022"]
[White "Bolanos, Fernando"]
[Black "Slugin, Sergey"]
[WhiteFideId "3304094"]
[BlackFideId "4122569"]
[WhiteElo "2019"]
[BlackElo "2358"]
[Result "0-1"]
[Round "10"]
[TimeControl "180+1"]
[Date "2022.02.16"]
[WhiteClock "0:00:04"]
[BlackClock "0:00:48"]

1. e4 c5 2. Nf3 e6 3. d4 cxd4 4. Nxd4 Nc6 5. c4 Qc7 6. Nc3 Nf6 7. Be3 Bb4 8. Qd3 Ne5 9. Qe2 Bxc3+ 10. bxc3 Qa5 11. Rc1 Nxe4 12. Nb5 a6 13. Bd4 axb5 14. Qxe4 Nxc4 15. Bxc4 bxc4 16. Bxg7 Qg5 17. O-O Qxg7 18. Rcd1 O-O 19. Qxc4 Ra5 20. h4 Rf5 21. Rd3 b5 22. Qc7 Qf6 0-1


[Site "https://www.chess.com"]

[Event "Titled Tuesday Blitz February 15 Late 2022"]
[White "Bon, Michael"]
[Black "Kujawski, Adam"]
[WhiteFideId "620696"]
[BlackFideId "1100920"]
[WhiteElo "2461"]
[BlackElo "2053"]
[Result "1-0"]
[Round "10"]
[TimeControl "180+1"]
[Date "2022.02.16"]
[WhiteClock "0:00:47"]
[BlackClock "0:00:01"]

1. e4 e5 2. Nc3 Nf6 3. Bc4 Nxe4 4. Qh5 Nd6 5. Bb3 Nc6 6. Nb5 g6 7. Qf3 f5 8. Qd5 Qe7 9. Nxc7+ Kd8 10. Nxa8 b6 11. d3 Bb7 12. h4 h6 13. Qf3 f4 14. Qg4 Qf6 15. Nf3 Bxa8 16. Bd2 Be7 17. O-O-O h5 18. Qh3 Nf5 19. Bc3 Ncd4 20. Bxd4 exd4 21. Ng5 Kc7 22. Rhe1 Bc5 23. Re2 a5 24. Rde1 Bc6 25. Qh2 Nd6 26. Ne4 Nxe4 27. dxe4 a4 28. Bd5 Bxd5 29. exd5 a3 30. Re4 axb2+ 31. Kb1 Ra8 32. Qxf4+ Qxf4 33. Rxf4 Kd6 34. g4 1-0


[Site "https://www.chess.com"]

[Event "Titled Tuesday Blitz February 15 Late 2022"]
[White "Briscoe, Chris"]
[Black "Desideri, Ricardo Maruchi"]
[WhiteFideId "408360"]
[BlackFideId "2110440"]
[WhiteElo "2111"]
[BlackElo "1945"]
[Result "1-0"]
[Round "10"]
[TimeControl "180+1"]
[Date "2022.02.16"]
[WhiteClock "0:00:15"]
[BlackClock "0:00:10"]

1. e4 c5 2. Nf3 d6 3. d4 cxd4 4. Nxd4 Nf6 5. Nc3 a6 6. Bg5 Nbd7 7. Bc4 Qc7 8. Qe2 Ne5 9. Bb3 e6 10. f4 Ned7 11. O-O-O Nc5 12. Rhe1 Nxb3+ 13. cxb3 Be7 14. Kb1 O-O 15. e5 dxe5 16. fxe5 Nd5 17. Nxd5 exd5 18. Rc1 Qd7 19. Bxe7 Qxe7 20. Rc3 Be6 21. Rg3 Rac8 22. a3 g6 23. Qe3 Qh4 24. Ka2 Rc7 25. Rf1 Rfc8 26. Nxe6 fxe6 27. Rh3 Qe4 28. Qh6 Qxe5 29. Rhf3 Qg7 30. Qg5 h6 31. Qe3 Kh7 32. Qxe6 Rd8 33. Rf7 Rxf7 34. Rxf7 Rd7 35. Qxd7 1-0


[Site "https://www.chess.com"]

[Event "Titled Tuesday Blitz February 15 Late 2022"]
[White "Burke, Paul"]
[Black "Urbina Quiroz, Edwin"]
[WhiteFideId "2605767"]
[BlackFideId "6500650"]
[WhiteElo "1835"]
[BlackElo "2130"]
[Result "0-1"]
[Round "10"]
[TimeControl "180+1"]
[Date "2022.02.16"]
[WhiteClock "0:00:05"]
[BlackClock "0:00:09"]

1. e4 e5 2. Nf3 Nc6 3. Bc4 Nf6 4. d3 Bc5 5. O-O d6 6. h3 a6 7. a3 Ba7 8. Bg5 h6 9. Bh4 g5 10. Nxg5 hxg5 11. Bxg5 Rg8 12. h4 Nd4 13. c3 Ne6 14. Bxe6 Bxe6 15. d4 exd4 16. cxd4 Rxg5 17. hxg5 Ng4 18. f4 f5 19. Nc3 Qe7 20. exf5 Ne3 21. Qh5+ Bf7 22. g6 Bxd4 23. gxf7+ Kd7 24. Kh2 Rh8 25. Qxh8 Bxh8 26. Rae1 Nxf1+ 27. Rxf1 Bxc3 28. bxc3 Qxf7 29. g4 Qc4 30. Rf3 Qe2+ 31. Kg3 Ke7 32. g5 Kf7 33. f6 Qe4 34. f5 d5 35. Rf4 Qe5 36. Kg4 Qxc3 37. Rf3 Qd4+ 38. Rf4 Qg1+ 39. Kh5 c6 40. Rg4 Qh2+ 41. Rh4 Qe2+ 42. Rg4 Qf3 43. g6+ Kxf6 44. g7 Qh3+ 45. Rh4 Qxf5+ 46. Kh6 Qg6# 0-1


[Site "https://www.chess.com"]

[Event "Titled Tuesday Blitz February 15 Late 2022"]
[White "Carreto Nieto, Giovanni"]
[Black "Moral Garcia, Serafin"]
[WhiteFideId "5105030"]
[BlackFideId "2201925"]
[WhiteElo "2577"]
[BlackElo "2391"]
[Result "1/2-1/2"]
[Round "10"]
[TimeControl "180+1"]
[Date "2022.02.16"]
[WhiteClock "0:00:28"]
[BlackClock "0:00:22"]

1. e4 e5 2. Nf3 Nc6 3. d4 exd4 4. Nxd4 Bc5 5. Nxc6 Qf6 6. Qf3 bxc6 7. Nd2 d6 8. Nb3 Bb6 9. Bd2 Qxf3 10. gxf3 Ne7 11. c4 Be6 12. Bc3 O-O 13. Rg1 f6 14. a4 a5 15. Nd4 Bd7 16. Bd3 Ng6 17. Bc2 Ne5 18. Rg3 Bxd4 19. Bxd4 Nxc4 20. O-O-O Rab8 21. f4 Kf7 22. f5 g5 23. Bc3 Rfe8 24. Rh1 h5 25. h4 g4 26. f3 gxf3 27. Rg6 Ne5 28. Bxe5 dxe5 29. Rhg1 f2 30. Rf1 Rg8 31. Rxg8 Kxg8 32. Rxf2 c5 33. Rf3 Bc6 34. Rc3 Rb4 35. Rxc5 Bxe4 36. Bxe4 Rxe4 37. Rxa5 Rxh4 38. Ra7 Rc4+ 39. Kd2 h4 40. b3 Rd4+ 41. Ke3 Rb4 42. Rxc7 Rxb3+ 43. Ke4 h3 44. Kd5 h2 45. Rc1 Kf7 46. Rh1 Rh3 47. a5 Ra3 48. Rxh2 Rxa5+ 49. Kd6 Kg7 50. Rg2+ Kh7 51. Ke6 Ra6+ 52. Kf7 Kh6 53. Rg6+ Kh5 54. Rxf6 Rxf6+ 55. Kxf6 e4 56. Kg7 e3 57. f6 e2 58. f7 e1=Q 59. f8=Q Qe5+ 60. Kg8 Qg5+ 61. Qg7 Qxg7+ 62. Kxg7 1/2-1/2


[Site "https://www.chess.com"]

[Event "Titled Tuesday Blitz February 15 Late 2022"]
[White "Chabris, Christopher"]
[Black "Bugayev, Vladimir"]
[WhiteFideId "2005263"]
[BlackFideId "30901480"]
[WhiteElo "2305"]
[BlackElo "2402"]
[Result "1/2-1/2"]
[Round "10"]
[TimeControl "180+1"]
[Date "2022.02.16"]
[WhiteClock "0:00:11"]
[BlackClock "0:00:05"]

1. e4 c6 2. d4 d5 3. e5 Bf5 4. Nf3 e6 5. Be2 Ne7 6. O-O c5 7. c4 Nbc6 8. Nc3 a6 9. Be3 dxc4 10. dxc5 Bd3 11. Bxd3 cxd3 12. Ne4 Nd5 13. Nd6+ Bxd6 14. exd6 Nxe3 15. fxe3 O-O 16. Qxd3 f6 17. e4 Qa5 18. Qc4 Rfe8 19. a3 Kh8 20. b4 Qa4 21. Rfd1 Rad8 22. Qc3 e5 23. Rd5 Rd7 24. Rd2 Nd8 25. Qc4 Ne6 26. Rc2 Nf4 27. Rc3 h5 28. g3 Ne6 29. Nh4 Kh7 30. Qe2 g6 31. Rf1 Nd4 32. Qf2 Re6 33. Rd3 Qc2 34. Rxd4 Qxf2+ 35. Rxf2 exd4 36. Rd2 Rxe4 37. Nf3 Kg7 38. Nxd4 Kf7 39. Kf2 f5 40. Nf3 Kf6 41. h4 Rc4 42. Ng5 Rc3 43. Re2 b6 44. Re6+ Kg7 45. Re7+ Kf6 46. Rxd7 bxc5 47. bxc5 Rxc5 48. Rc7 Rd5 49. d7 Ke7 50. d8=Q+ Kxd8 51. Rg7 Ra5 52. Rxg6 Rxa3 53. Rf6 a5 54. Rxf5 a4 55. Ra5 Kc7 56. Nf3 Kb6 57. Ra8 Kb7 58. Rh8 Rc3 59. Rxh5 Kb6 60. Rh6+ Kb7 61. Rh7+ Kb6 62. Rh8 Kb7 63. h5 a3 64. Rd8 a2 65. Rd1 Ra3 66. Ra1 Ra6 67. g4 Kc7 68. g5 Kd7 69. h6 Ke7 70. Kg3 Kf7 71. Kg4 Kg6 72. Ne5+ Kh7 73. Kf5 Ra5 74. g6+ Kxh6 75. Rh1+ Kg7 76. Rh7+ Kg8 77. Rh1 a1=Q 78. Rxa1 Rxa1 79. Kf6 Rf1+ 80. Kg5 Kg7 81. Ng4 Rg1 82. Kf5 Rxg4 83. Kxg4 Kxg6 1/2-1/2


[Site "https://www.chess.com"]

[Event "Titled Tuesday Blitz February 15 Late 2022"]
[White "Chigaev, Maksim"]
[Black "Bluebaum, Matthias"]
[WhiteFideId "4108116"]
[BlackFideId "24651516"]
[WhiteElo "2502"]
[BlackElo "2550"]
[Result "0-1"]
[Round "10"]
[TimeControl "180+1"]
[Date "2022.02.15"]
[WhiteClock "0:00:02"]
[BlackClock "0:01:00"]

1. d4 Nf6 2. Nf3 d5 3. c4 e6 4. g3 Bb4+ 5. Nbd2 dxc4 6. Bg2 b5 7. a3 Be7 8. a4 c6 9. Ne5 Nd5 10. O-O Bb7 11. e4 Nf6 12. Ndf3 O-O 13. Qe2 Nbd7 14. Rd1 a6 15. g4 Nxe5 16. Nxe5 Nd7 17. Nf3 Qc7 18. g5 Rfe8 19. Qc2 e5 20. h4 Rad8 21. Be3 exd4 22. Nxd4 Ne5 23. Qe2 Nd3 24. Nf5 Bf8 25. b3 Nf4 26. Bxf4 Qxf4 27. Rxd8 Rxd8 28. bxc4 b4 29. Rd1 Re8 30. Qb2 Bc8 31. Ng3 Qxh4 32. e5 Qxg5 33. Bxc6 Qxe5 34. Qxe5 Rxe5 35. Rd8 Be6 36. Rb8 g6 37. Ne4 Kg7 0-1


[Site "https://www.chess.com"]

[Event "Titled Tuesday Blitz February 15 Late 2022"]
[White "Cori T., Deysi"]
[Black "Chernomordik, Pavel"]
[WhiteFideId "3801934"]
[BlackFideId "2804530"]
[WhiteElo "2350"]
[BlackElo "2249"]
[Result "1-0"]
[Round "10"]
[TimeControl "180+1"]
[Date "2022.02.16"]
[WhiteClock "0:02:43"]
[BlackClock "0:01:01"]

1. d4 g6 2. Nf3 Bg7 3. g3 d6 4. Bg2 Nf6 5. O-O O-O 6. b3 c6 7. Bb2 a5 8. a4 Na6 9. Nbd2 Bf5 10. Re1 Qc8 11. Nc4 Qc7 12. Nh4 Bg4 13. Qd2 Nb8 14. e4 Nbd7 15. h3 Be6 16. d5 cxd5 17. exd5 Bf5 18. Nxf5 gxf5 19. Rxe7 Qd8 20. Rae1 Ne4 21. R1xe4 fxe4 22. Qg5 Ne5 23. Nxe5 Qxe7 24. Qxe7 dxe5 25. Bxe4 f5 26. Bd3 Rfe8 27. Qxb7 e4 28. Qxg7# 1-0


[Site "https://www.chess.com"]

[Event "Titled Tuesday Blitz February 15 Late 2022"]
[White "Csonka, Balazs"]
[Black "Yoo, Christopher Woojin"]
[WhiteFideId "742910"]
[BlackFideId "30909694"]
[WhiteElo "2404"]
[BlackElo "2105"]
[Result "0-1"]
[Round "10"]
[TimeControl "180+1"]
[Date "2022.02.15"]
[WhiteClock "0:00:03"]
[BlackClock "0:00:03"]

1. e4 e5 2. Nf3 Nc6 3. Bb5 a6 4. Ba4 Nf6 5. O-O Bc5 6. c3 b5 7. Bb3 d6 8. a4 Rb8 9. d4 Bb6 10. axb5 axb5 11. Na3 O-O 12. Nxb5 Bg4 13. Bc2 Bxf3 14. gxf3 Nh5 15. Kh1 Qf6 16. Be3 Nd8 17. Na3 Ne6 18. d5 Nef4 19. Nc4 Qh4 20. Nxb6 cxb6 21. Rg1 Nh3 22. Rg2 N5f4 23. Rg3 f5 24. exf5 Rf6 25. Qf1 Rh6 26. Rxh3 Nxh3 27. Bxh6 Qxh6 28. Be4 Qh4 29. Kg2 Rf8 30. b4 g6 31. fxg6 hxg6 32. Ra2 Rf7 33. Kh1 Nf4 34. Qg1 Kg7 35. Qg3 Qf6 36. Ra6 Rc7 37. Rxb6 Rxc3 38. Rb7+ Kf8 39. Rb8+ Ke7 40. Rb7+ Kd8 41. Qg1 Nh3 42. Qa1 Nxf2+ 43. Kg2 Qg5+ 44. Kxf2 Qd2+ 45. Kg3 Qf4+ 46. Kf2 Qe3+ 47. Kg3 Qg5+ 48. Kf2 Qd2+ 49. Kg3 Qf4+ 50. Kf2 Qxh2+ 51. Ke1 Qg1+ 52. Kd2 Qxa1 53. Rb8+ Kc7 0-1


[Site "https://www.chess.com"]

[Event "Titled Tuesday Blitz February 15 Late 2022"]
[White "Daianu, Cristian-Clement"]
[Black "Reprintsev, Alexander"]
[WhiteFideId "1208926"]
[BlackFideId "14100541"]
[WhiteElo "2159"]
[BlackElo "2126"]
[Result "1-0"]
[Round "10"]
[TimeControl "180+1"]
[Date "2022.02.16"]
[WhiteClock "0:01:35"]
[BlackClock "0:00:01"]

1. d4 d5 2. Nf3 Nc6 3. Bf4 Bg4 4. e3 e6 5. h3 Bf5 6. Bd3 Bxd3 7. Qxd3 Bd6 8. c3 Bxf4 9. exf4 Qd6 10. f5 O-O-O 11. O-O e5 12. dxe5 Nxe5 13. Nxe5 Qxe5 14. Nd2 Nh6 15. Nf3 Qxf5 16. Qd4 b6 17. Rfe1 f6 18. Re7 Rd7 19. Rae1 Rhd8 20. Qa4 Kb7 21. Nd4 Rxe7 22. Rxe7 Qc8 23. Nb5 a5 24. Rxc7+ Qxc7 25. Nxc7 Kxc7 26. b4 axb4 27. Qa7+ Kc6 28. Qxg7 Ng8 29. cxb4 Kb5 30. Qxh7 Kxb4 31. Qc7 Re8 32. Qd6+ Ka5 33. Qxd5+ Ka6 34. a4 1-0


[Site "https://www.chess.com"]